AoeStats
← Ux'RaúlME

Arena

509487766Analyzed
4v4 RM · 6d ago on Sep 26, 2026· 53m 57s· 8 players
Game mode
Random Map
Map size
Large (8 player)
Population
200
Speed
Normal
Resources
Standard
Victory
Conquest
Starting age
Dark Age
Ending age
Imperial Age
RankedLock teamsTeams togetherTeam positionsShared explorationLock speedFull tech treeHidden civsTurbo modeCheats
Victory
Defeat
🇲🇽 Bohemians · Mexico
1330
+11
🇪🇨 Huns · Ecuador
1305
+12
🇮🇳 Britons · India
1243
+14
🇹🇼 Persians · Taiwan
1206
+16
🇧🇷 Khmer · Brazil
1250
-15
🇲🇽 Italians · Mexico
1248
-15
🇲🇽 Franks · Mexico
1177
-12
🇧🇷 Turks · Brazil
1161
-11
Ux'RaulitoMD
11:21 Feudal Age
11:31 Feudal Age
13:11 Double-Bit Axe
15:58 Castle Age
14:06 Scale Barding Armor
14:11 Forging
16:32 Wheelbarrow
15:43 Town Watch
15:45 Loom
16:22 Fletching
29:32 Imperial Age
27:22 Hand Cart
27:55 Gold Mining
27:56 Stone Mining
28:32 Bow Saw
28:47 Chain Barding Armor
29:02 Iron Casting
28:23 Bodkin Arrow
28:31 Scale Mail Armor
30:23 Husbandry
29:44 Light Cavalry
30:01 Cavalier
31:36 Gold Shaft Mining
31:06 Murder Holes
31:21 Fortified Wall
32:13 Chemistry
32:19 Plate Barding Armor
32:46 Blast Furnace
34:25 Squires
34:10 Arson
33:46 Pikeman
34:45 Chain Mail Armor
36:09 Ballistics
36:00 Masonry
38:23 Plate Mail Armor
38:33 Halberdier
39:25 Paladin
46:45 Town Patrol
47:52 Architecture
47:28 Siege Engineers
Ux'RaúlME
9:27 Feudal Age
9:22 Loom
10:21 Loom
13:21 Castle Age
11:55 Double-Bit Axe
18:50 Fervor
24:50 Imperial Age
23:40 Fletching
34:18 Careening
34:04 Murder Holes
38:31 Conscription
39:33 Ballistics
41:19 Bodkin Arrow
45:43 Bracer
46:48 Padded Archer Armor
BYD Carburado
11:01 Feudal Age
16:22 Castle Age
22:49 Imperial Age
21:42 Padded Archer Armor
21:49 Double-Bit Axe
22:52 Leather Archer Armor
32:28 Wheelbarrow
37:19 Loom
40:23 Hand Cart
41:14 Heavy Camel Rider
41:57 Husbandry
42:09 Bloodlines
43:35 Scale Barding Armor
43:41 Forging
44:57 Chain Barding Armor
46:07 Iron Casting
46:42 Plate Barding Armor
Filho da Viuva
9:54 Loom
11:40 Feudal Age
14:55 Castle Age
13:08 Double-Bit Axe
13:07 Horse Collar
13:37 Gold Mining
17:18 Bloodlines
20:25 Husbandry
21:01 Heavy Plow
22:09 Scale Barding Armor
22:42 Forging
23:59 Chain Barding Armor
24:44 Iron Casting
29:17 Pikeman
29:43 Arson
35:09 Imperial Age
33:26 Scale Mail Armor
35:12 Halberdier
36:24 Chain Mail Armor
37:54 Blast Furnace
38:40 Double Crossbow
39:00 Conscription
Ars Radiophonik
10:48 Feudal Age
15:44 Castle Age
14:02 Double-Bit Axe
16:54 Wheelbarrow
17:53 Bow Saw
19:44 Loom
19:58 Horse Collar
22:12 Chemistry
23:52 Heavy Plow
28:20 Fletching
29:58 Forging
35:15 Hand Cart
36:48 Padded Archer Armor
37:21 Elite Skirmisher
44:27 Pikeman
45:39 Squires
49:19 Leather Archer Armor
49:00 Bodkin Arrow
51:13 Scale Mail Armor
Poeta Abatido
11:21 Feudal Age
15:33 Castle Age
13:41 Double-Bit Axe
14:27 Horse Collar
16:50 Wheelbarrow
28:00 Imperial Age
26:40 Bloodlines
26:37 Scale Barding Armor
27:41 Chain Barding Armor
27:32 Forging
28:04 Cavalier
29:11 Heavy Plow
30:09 Hand Cart
29:41 Loom
31:10 Plate Barding Armor
31:03 Gold Mining
33:47 Iron Casting
35:11 Light Cavalry
37:45 Blast Furnace
37:48 Conscription
40:18 Hussar
42:51 Bow Saw
43:15 Pikeman
43:56 Squires
43:57 Scale Mail Armor
44:39 Murder Holes
45:31 Chain Mail Armor
45:16 Halberdier
55:07 Two-Man Saw
DCCHEN
11:08 Feudal Age
12:30 Loom
12:39 Double-Bit Axe
15:13 Castle Age
13:48 Horse Collar
15:52 Bow Saw
15:45 Heavy Plow
17:49 Loom
21:22 Wheelbarrow
22:20 Gold Mining
22:24 Stone Mining
27:49 Imperial Age
26:18 Gold Shaft Mining
26:44 Scale Barding Armor
26:50 Forging
27:23 Bloodlines
27:17 Husbandry
27:45 Chain Barding Armor
27:45 Cavalier
29:05 Iron Casting
29:53 Plate Barding Armor
29:17 Savar
32:59 Blast Furnace
32:40 Hand Cart
32:56 Conscription
34:53 Crop Rotation
35:26 Two-Man Saw
TheDangerous
9:52 Feudal Age
11:31 Double-Bit Axe
14:22 Castle Age
14:43 Horse Collar
15:57 Bow Saw
16:11 Stone Mining
21:25 Wheelbarrow
23:01 Heavy Plow
23:41 Gold Mining
28:32 Imperial Age
26:31 Hand Cart
27:55 Fortified Wall
27:47 Fletching
27:58 Padded Archer Armor
28:27 Masonry
28:58 Yeomen
28:37 Bodkin Arrow
31:30 Imperial Age
31:10 Leather Archer Armor
32:21 Yeomen
32:49 Conscription
34:24 Gold Shaft Mining
34:43 Bracer
34:41 Loom
34:42 Town Watch
36:21 Ballistics
38:29 Treadmill Crane
39:23 Ring Archer Armor
38:54 Bracer
39:26 Ring Archer Armor
40:16 Scale Mail Armor
40:26 Forging
41:03 Elite Longbowman
42:21 Architecture
41:57 Pikeman
42:39 Squires
43:07 Chain Mail Armor
43:27 Iron Casting
43:40 Arson
44:27 Plate Mail Armor
44:36 Halberdier
47:17 Blast Furnace
Connection lost

Rejoining the realm…

Still unreachable

The connection could not be restored.

Session expired

The server has moved on; the page needs a fresh start.